 Dungeon Crawl Stone Soup version 0.22.1-2-g9c5b331 (webtiles) character file.

32 dickjizzum the Insei (level 2, -2/22 HPs)
             Began as a Demigod Transmuter on Sept 9, 2018.
             Slain by a jackal (3 damage)
             ... on level 1 of the Dungeon on Nov 23, 2018.
             The game lasted 00:12:11 (1723 turns).

dickjizzum the Insei (Demigod Transmuter)           Turns: 1723, Time: 00:12:12

Health: -2/22      AC:  2    Str: 13    XL:     2   Next: 96%
Magic:  6/7        EV: 10    Int: 17    God:
Gold:   56         SH:  8    Dex: 16    Spells: 2/5 levels left

rFire    . . .     SeeInvis .   e - +0 dagger (speed)
rCold    . . .     Gourm    .   f - +0 shield
rNeg     . . .     Faith    .   b - +0 robe
rPois    .         Spirit   .   (no helmet)
rElec    .         Reflect  .   (no cloak)
rCorr    .         Harm     .   (no gloves)
MR       .....                  (no boots)
Stlth    ++........             (no amulet)
HPRegen  0.07/turn              (no ring)
MPRegen  0.10/turn              (no ring)

@: appendage (expiring), very slightly contaminated
A: horns 2, high mp 1
a: End Transformation


You were on level 1 of the Dungeon.
You were hungry.
You had grown temporary horns.
You visited 1 branch of the dungeon, and saw 1 of its levels.

You collected 56 gold pieces.

Inventory:

Hand Weapons
 e - a +0 dagger of speed (weapon)
 l - a +0 whip
Missiles
 a - 12 arrows
 j - 18 stones (quivered)
Armour
 b - a +0 robe (worn)
 f - a +0 shield (worn)
 i - a +0 shield
Scrolls
 h - a scroll of fear {unknown}
Potions
 c - a potion of brilliance {unknown}
 g - a potion of cancellation {unknown}
Comestibles
 d - 2 rations


   Skills:
 - Level 0.8 Fighting
 - Level 2.0 Dodging
 + Level 0.2 Stealth
 * Level 1.4 Shields
 - Level 2.9 Unarmed Combat
 + Level 2.0 Spellcasting
 + Level 2.0 Transmutations


You had 2 spell levels left.
You knew the following spells:

 Your Spells              Type           Power        Failure   Level  Hunger
a - Beastly Appendage     Tmut           #.....       43%         1    #......
b - Sticks to Snakes      Tmut           #.......     58%         2    ###....

Your spell library contained the following spells:

 Spells                   Type           Power        Failure   Level  Hunger
 Spider Form              Tmut/Pois      #.........   91%         3    ###....
 Ice Form                 Ice/Tmut       #.......     100%        4    #####..
 Blade Hands              Tmut           #.........   100%        5    ######.


Dungeon Overview and Level Annotations

Branches:
Dungeon (1/15)


Innate Abilities, Weirdness & Mutations

You have an increased reservoir of magic. (+10% MP)
You have a pair of horns on your head.


Message History

You hit the giant cockroach but do no damage.
The giant cockroach is severely wounded.
The jackal bites you but does no damage.
The jackal bites you.
* * * LOW HITPOINT WARNING * * *
You hit the giant cockroach.
You kill the giant cockroach!
The jackal barely misses you. The jackal closely misses you.
The jackal bites you.
* * * LOW HITPOINT WARNING * * *
You miss the jackal. The jackal bites you.
* * * LOW HITPOINT WARNING * * *
The jackal closely misses you.
You hit the jackal but do no damage. The jackal bites you.
* * * LOW HITPOINT WARNING * * *
The jackal closely misses you.
You hit the jackal.
The jackal is heavily wounded.
The jackal bites you.
You die...

.....................
#.......................
#................#.#####
#.....................#.
#.......................
#.......................
#.............>.........
#...†h...##...##.#....
#...h@...#............
#........#.........#.#
#.........#...........#
#........###...########
#?.......# #...# #....
#......... ##### .###
#.........# ##.
#.........# ##.. ##...


You could see 2 jackals.

Vanquished Creatures
  An ooze (D:1)
  A dart slug (D:1)
  2 leopard geckos (D:1)
  2 giant cockroaches (D:1)
  2 goblins (D:1)
  A hobgoblin (D:1)
  4 jackals (D:1)
  2 bats (D:1)
  4 kobolds (D:1)
  4 rats (D:1)
23 creatures vanquished.

Notes
Turn   | Place    | Note
-------+----------+-------------------------------------------
     0 | D:1      | dickjizzum the Demigod Transmuter began the quest for the
                  | Orb.
     0 | D:1      | Reached XP level 1. HP: 15/15 MP: 5/5
  1004 | D:1      | Reached XP level 2. HP: 22/22 MP: 5/7
  1025 | D:1      | Reached skill level 1 in Shields
  1102 | D:1      | Learned a level 2 spell: Sticks to Snakes
  1146 | D:1      | Upgraded the game from 0.22.0-60-ga52c2fc to
                  | 0.22.1-2-g9c5b331
  1722 | D:1      | HP: 1/22 [jackal (2)]
  1723 | D:1      | Slain by a jackal

Skill      XL: |  1  2 |
---------------+-------+-----
Dodging        | 2 |  2.0
Shields        | 1 |  1.4
Spellcasting   | 2 |  2.0
Transmutations | 2 |  2.0
Fighting       | |  0.8
Stealth        | |  0.2
Unarmed Combat | |  2.9

Action                   || total
-------------------------++-------
Melee: Dagger            ||   107
       Unarmed           ||     4
       Kick              ||     7
       Headbutt          ||     3
 Cast: Beastly Appendage ||     7
  Use: Scroll            ||     1
  Eat: Chunk             ||     2
Armor: Robe              ||    32
Dodge: Dodged            ||    59
Block: Shield            ||    44
